 Dungeon Crawl Stone Soup version 0.19-a0-1849-g2383789 (webtiles) character file.

550 Zombiebytez the Scholar of Death (level 7, 0/36 HPs)
             Began as a Deep Elf Necromancer on Oct 9, 2016.
             Was a Follower of Kikubaaqudgha.
             Slain by a phantom (7 damage)
             ... on level 4 of the Dungeon on Oct 10, 2016.
             The game lasted 01:27:34 (5269 turns).

Zombiebytez the Scholar of Death (DENe)             Turns: 5269, Time: 01:27:35

Health: 0/36       AC:  3    Str:  5    XL:     7   Next: 7%
Magic:  18/18      EV: 13    Int: 22    God:    Kikubaaqudgha [*.....]
Gold:   145        SH:  0    Dex: 15    Spells: 5 memorised, 6 levels left

rFire  . . .     SeeInvis .     x - +0 dagger (flame)
rCold  . . .     Gourm    .     N - +0 robe
rNeg   . . .     Faith    .     (no shield)
rPois  .         Spirit   .     (no helmet)
rElec  .         Dismiss  .     e - +0 cloak
rCorr  .         Reflect  .     (no gloves)
MR     .....     Harm     .     (no boots)
Stlth  ++........               (no amulet)
                                (no ring)
                                (no ring)

@: no status effects
A: no striking features
a: Receive Corpses, Renounce Religion


You were on level 4 of the Dungeon.
You worshipped Kikubaaqudgha.
Kikubaaqudgha was aware of your devotion.
You were not hungry.

You visited 1 branch of the dungeon, and saw 4 of its levels.

You collected 145 gold pieces.

Inventory:

Hand Weapons
 g - a +1 whip of venom
 k - a +0 dagger of venom
 s - a +1 flail of protection
 v - a +3 hand axe
 x - a +0 dagger of flaming (weapon)
 z - a +0 dagger
 A - a +0 hunting sling
 B - a +0 whip
 D - a +0 dagger
 F - a +0 short sword
 G - a +0 giant club
 J - a cursed -1 flail
 K - a cursed -2 club
 M - a +0 dagger
 O - a +0 blowgun
 S - a +0 quarterstaff
Missiles
 h - 108 stones (quivered)
 m - 10 arrows
 o - 31 poisoned needles
 r - 54 bolts
 t - 8 exploding tomahawks
 H - 5 javelins
 Q - 9 tomahawks
Armour
 a - a +0 robe
 e - a +0 cloak (worn)
 f - a +0 ring mail
 y - a +0 ring mail
 L - a +0 chain mail
 N - a +0 robe (worn)
 P - a +0 leather armour
 R - a +0 ring mail
 Z - a +0 pair of gloves
Wands
 u - a wand of slowing (21/48)
 V - a wand of acid (5/15)
Scrolls
 j - 4 scrolls of remove curse {unknown}
 p - 4 scrolls of identify {unknown}
 q - a scroll of noise {unknown}
 w - a scroll of magic mapping {unknown}
 C - a scroll of amnesia {unknown}
 I - a scroll of recharging {unknown}
 U - a scroll of teleportation {unknown}
 W - a scroll of immolation {unknown}
Potions
 d - 2 potions of curing {unknown}
 l - a potion of flight {unknown}
 E - a potion of heal wounds
 X - 2 potions of agility {unknown}
Books
 b - a book of Necromancy

   Spells                             Type                      Level
   a - Pain                           Necromancy                   1
   b - Animate Skeleton               Necromancy                   1
   c - Vampiric Draining              Necromancy                   3
   d - Regeneration                   Charms/Necromancy            3
   e - Animate Dead                   Necromancy                   4
   f - Control Undead                 Necromancy                   4
 T - Kikubaaqudgha's Catalogue of Stolen Souls
   (Kikubaaqudgha gifted it to you on level 3 of the Dungeon)

   Spells                             Type                      Level
   a - Pain                           Necromancy                   1
   b - Corpse Rot                     Necromancy                   2
   c - Sublimation of Blood           Necromancy                   2
   d - Regeneration                   Charms/Necromancy            3
   e - Control Undead                 Necromancy                   4
Comestibles
 c - 2 bread rations
 i - a meat ration
 n - a royal jelly
 Y - 4 fruits


   Skills:
 + Level 0.2 Fighting
 + Level 2.4 Dodging
 + Level 2.9 Stealth
 + Level 6.1 Spellcasting
 * Level 8.8 Necromancy


You had 6 spell levels left.
You knew the following spells:

 Your Spells              Type           Power        Failure   Level  Hunger
a - Pain                  Necr           ####         1%          1    None
b - Animate Skeleton      Necr           N/A          1%          1    None
c - Regeneration          Chrm/Necr      ####......   6%          3    #......
d - Vampiric Draining     Necr           #####.....   1%          3    #......
e - Animate Dead          Necr           N/A          2%          4    ###....


Dungeon Overview and Level Annotations

Branches:
Dungeon (4/15)
 Temple: D:4-7

Altars:
Elyvilon
Hepliaklqana
Kikubaaqudgha
Nemelex Xobeh
Qazlal
Vehumet

Annotations:
D:3 sleepydude's ghost, amateur DsBe


Message History

The phantom hits you.
You barely miss the phantom.
The phantom is severely damaged.
The phantom hits you but does no damage.
You barely miss the phantom.
The phantom is severely damaged.
The phantom hits you.
* * * LOW HITPOINT WARNING * * *
You hit the phantom. You burn the phantom.
The phantom is severely damaged.
The phantom hits you.
* * * LOW HITPOINT WARNING * * *
You hit the phantom but do no damage.
The phantom is severely damaged.
The phantom misses you.
You barely miss the phantom.
The phantom is severely damaged.
The phantom hits you!
You die...
Kikubaaqudgha rasps: "You have failed me!
Welcome... death!"

#.#
#.............#
####.#
#.#####...###.
Z....#
#.##......# ###
######
#.......).###...#
##.##.#...#....#
?..............#
#....<..#......#
#...##.W########
#... #.@#
#.........#
..........#
..........#
#.#?......# .
#........
#.........
#..........


You could see a phantom.

Vanquished Creatures
  Edmund (D:4)
  An ogre (D:4)
  A scorpion (D:4)
  A howler monkey (D:4)
  An orc wizard (D:3)
  Natasha (twice) (D:3)
  6 adders
  A shadow imp (D:3)
  5 worms
  2 dart slugs
  8 leopard geckos
  7 orcs
  5 bats
  2 giant cockroaches
  4 goblins
  9 hobgoblins
  7 jackals
  3 quokkas
  3 ball pythons (D:3)
  3 frilled lizards
  9 kobolds
  7 rats
88 creatures vanquished.

Vanquished Creatures (collateral kills)
  Natasha (D:3)
  An adder (D:3)
  An orc (D:4)
  A hobgoblin (D:1)
  A leopard gecko skeleton (D:4)
5 creatures vanquished.

Grand Total: 93 creatures vanquished

Notes
Turn   | Place    | Note
-------+----------+-------------------------------------------
     0 | D:1      | Zombiebytez the Deep Elf Necromancer began the quest for the Orb.
     0 | D:1      | Reached XP level 1. HP: 10/10 MP: 6/6
     7 | D:1      | Reached skill level 5 in Necromancy
    13 | D:1      | Learned a level 1 spell: Animate Skeleton
   412 | D:1      | Reached XP level 2. HP: 15/15 MP: 6/8
   893 | D:2      | Found a white marble altar of Elyvilon.
   906 | D:2      | Reached XP level 3. HP: 16/19 MP: 5/9
   911 | D:2      | Learned a level 3 spell: Regeneration
  1270 | D:2      | Learned a level 3 spell: Vampiric Draining
  1322 | D:2      | Reached skill level 6 in Necromancy
  1639 | D:2      | Found an ancient bone altar of Kikubaaqudgha.
  1642 | D:2      | Found a radiant altar of Vehumet.
  1642 | D:2      | Found a stormy altar of Qazlal.
  1652 | D:2      | Reached XP level 4. HP: 18/24 MP: 8/12
  1778 | D:2      | Found a sparkling altar of Nemelex Xobeh.
  1780 | D:2      | Became a worshipper of Kikubaaqudgha
  2707 | D:3      | Reached XP level 5. HP: 12/28 MP: 3/14
  2787 | D:3      | Learned a level 4 spell: Animate Dead
  2831 | D:3      | Reached skill level 5 in Spellcasting
  3246 | D:3      | Noticed Natasha
  3253 | D:3      | Killed Natasha
  3253 | D:3      | Reached * piety under Kikubaaqudgha
  3253 | D:3      | Identified Kikubaaqudgha's Catalogue of Stolen Souls (Kikubaaqudgha gifted it to you on level 3 of the Dungeon)
  3253 | D:3      | Received a gift from Kikubaaqudgha
  3364 | D:3      | Found a hazy altar of Hepliaklqana.
  3563 | D:3      | Reached skill level 7 in Necromancy
  3568 | D:3      | Noticed Natasha
  3576 | D:3      | Killed Natasha
  3600 | D:3      | Noticed Natasha
  3605 | D:3      | Killed Natasha
  4069 | D:3      | Noticed sleepydude's ghost (amateur DsBe)
  4539 | D:4      | Reached XP level 6. HP: 29/32 MP: 11/16
  4698 | D:4      | Reached skill level 8 in Necromancy
  4701 | D:4      | Noticed Edmund
  4727 | D:4      | Killed Edmund
  4904 | D:4      | Reached XP level 7. HP: 19/36 MP: 11/18
  5269 | D:4      | Slain by a phantom

Vault maps used:
D:1:      dpeg_arrival_stonehenge_12_columns
D:2:      elyvilon_altar_5, grunt_temple_overflow_open
D:3:      wad_river_or_something, lemuel_round_altar, uniq_natasha
D:4:      uniq_edmund

Skill      XL: |  1  2  3  4  5  6 |
---------------+-------------------+-----
Necromancy     | 5 6 7 8 |  8.8
Spellcasting   | 4 5 6 |  6.1
Fighting       | |  0.2
Dodging        | |  2.4
Stealth        | |  2.9

Action                   |  1- 3 |  4- 6 |  7- 9 || total
-------------------------+-------+-------+-------++-------
Melee: Dagger            |       |    16 |    17 ||    33
 Cast: Pain              |    56 |   121 |     4 ||   181
       Animate Skeleton  |    13 |    11 |       ||    24
       Regeneration      |     1 |     2 |       ||     3
       Vampiric Draining |     1 |     5 |       ||     6
       Animate Dead      |       |    11 |     4 ||    15
Evoke: Wand              |       |     1 |       ||     1
  Use: Potion            |       |     3 |       ||     3
  Eat: Chunk             |     2 |     3 |       ||     5
       Meat ration       |       |     2 |       ||     2
       Fruit             |       |     1 |       ||     1
Armor: Robe              |     3 |     7 |     3 ||    13
Dodge: Dodged            |    10 |    29 |     7 ||    46
